AoeStats
← Legatus Adrianus

Highland

504239828Analyzed
2v2 RM · 26d ago on Sep 4, 2026· 83m 50s· 4 players
Game mode
Random Map
Map size
Medium (4 player)
Population
200
Speed
Normal
Resources
Standard
Victory
Conquest
Starting age
Dark Age
Ending age
Imperial Age
RankedLock teamsTeams togetherTeam positionsShared explorationLock speedFull tech treeHidden civsTurbo modeCheats
Victory
Defeat
🇩🇪 Persians · Germany
991
+14
🇩🇪 Britons · Germany
924
+17
🇨🇿 Japanese · Czechia
955
-16
🇨🇿 Tatars · Czechia
945
-15
Kolbaba22
4:41 Loom
10:19 Feudal Age
12:22 Man-at-Arms
16:20 Arson
21:15 Castle Age
20:18 Forging
21:04 Scale Mail Armor
20:56 Fletching
21:15 Double-Bit Axe
21:30 Long Swordsman
24:16 Wheelbarrow
24:50 Squires
28:19 Iron Casting
29:13 Chain Mail Armor
28:50 Gambesons
31:15 Hand Cart
30:47 Town Watch
31:25 Horse Collar
32:02 Bow Saw
33:37 Pikeman
34:51 Heavy Plow
38:25 Imperial Age
38:52 Ballistics
38:28 Murder Holes
38:55 Caravan
38:27 Elite Samurai
40:51 Two-Man Saw
41:26 Blast Furnace
39:52 Elite Skirmisher
41:53 Thumb Ring
45:06 Plate Mail Armor
44:32 Bodkin Arrow
44:37 Padded Archer Armor
47:16 Kataparuto
50:41 Leather Archer Armor
50:27 Bracer
51:57 Ring Archer Armor
56:00 Halberdier
69:49 Onager
Kubicek-Mexico
0:45 Loom
9:20 Loom
11:48 Feudal Age
12:45 Town Watch
13:37 Wheelbarrow
22:45 Castle Age
25:55 Pikeman
29:11 Fletching
30:34 Husbandry
34:56 Town Watch
35:55 Hand Cart
36:18 Silk Armor
39:08 Scale Barding Armor
40:27 Town Patrol
41:49 Bodkin Arrow
42:14 Chain Barding Armor
41:55 Padded Archer Armor
42:00 Scale Mail Armor
42:42 Elite Skirmisher
46:09 Imperial Age
49:07 Bracer
49:08 Heavy Camel Rider
50:16 Horse Collar
50:28 Gold Mining
50:28 Stone Mining
50:16 Heavy Camel Rider
50:28 Heavy Cavalry Archer
51:26 Heavy Plow
51:18 Double-Bit Axe
53:25 Squires
55:06 Leather Archer Armor
55:47 Elite Steppe Lancer
56:49 Bow Saw
57:11 Crop Rotation
57:19 Gold Shaft Mining
59:43 Chemistry
59:04 Ballistics
58:39 Murder Holes
58:35 Heated Shot
63:16 Plate Barding Armor
63:12 Ring Archer Armor
65:36 Masonry
65:31 Siege Engineers
69:46 Forging
72:15 Fortified Wall
71:46 Treadmill Crane
81:46 Onager
Cirebus
5:21 Loom
10:31 Feudal Age
16:00 Castle Age
14:17 Horse Collar
14:41 Double-Bit Axe
17:28 Husbandry
20:56 Scale Barding Armor
24:57 Fletching
25:36 Bow Saw
25:38 Crossbowman
27:29 Heavy Plow
28:48 Ballistics
29:02 Padded Archer Armor
32:24 Bodkin Arrow
32:45 Leather Archer Armor
33:39 Wheelbarrow
32:52 Town Watch
34:46 Pikeman
35:27 Squires
36:28 Scale Mail Armor
36:38 Forging
40:23 Imperial Age
39:36 Yeomen
40:16 Chain Mail Armor
40:37 Iron Casting
42:27 Chemistry
41:29 Gold Mining
42:43 Arbalester
45:35 Conscription
46:21 Bracer
45:55 Man-at-Arms
45:58 Halberdier
48:03 Plate Mail Armor
62:20 Blast Furnace
62:23 Two-Man Saw
63:47 Stone Mining
64:41 Caravan
64:55 Capped Ram
69:18 Hand Cart
72:48 Elite Longbowman
Legatus Adrianus
0:39 Loom
11:52 Feudal Age
18:29 Double-Bit Axe
18:28 Horse Collar
21:29 Castle Age
19:44 Gold Mining
19:53 Stone Mining
20:47 Scale Barding Armor
28:00 Wheelbarrow
29:03 Bloodlines
29:52 Town Watch
32:22 Bow Saw
32:44 Fletching
34:21 Kamandaran
39:31 Imperial Age
37:00 Crossbowman
37:46 Husbandry
38:20 Heavy Plow
39:03 Forging
40:03 Thumb Ring
41:13 Conscription
42:21 Chain Barding Armor
41:58 Bodkin Arrow
41:52 Heavy Camel Rider
43:58 Ballistics
44:52 Hand Cart
46:24 Gold Shaft Mining
46:10 Padded Archer Armor
46:46 Plate Barding Armor
46:47 Iron Casting
45:40 Cavalier
46:44 Murder Holes
48:29 Chemistry
48:09 Town Patrol
48:22 Caravan
50:05 Savar
50:12 Elite Skirmisher
53:13 Two-Man Saw
53:03 Guilds
53:35 Crop Rotation
54:48 Scale Mail Armor
55:49 Blast Furnace
55:05 Leather Archer Armor
57:10 Masonry
57:43 Coinage
60:38 Chain Mail Armor
60:53 Ring Archer Armor
62:53 Pikeman
63:34 Squires
66:19 Architecture
66:55 Stone Shaft Mining
68:09 Banking
67:41 Herbal Medicine
68:42 Fervor
68:58 Citadels
73:19 Elite War Elephant
Connection lost

Rejoining the realm…

Still unreachable

The connection could not be restored.

Session expired

The server has moved on; the page needs a fresh start.